 Dungeon Crawl Stone Soup version 0.19.4-9-g45fd643 (webtiles) character file.

202 galech the Ruffian (level 5, -2/53 HPs)
             Began as a Troll Monk on Feb 21, 2017.
             Slain by an orc wizard
             ... wielding a +2 dagger of draining
              (5 damage)
             ... on level 4 of the Dungeon.
             The game lasted 00:04:16 (1914 turns).

galech the Ruffian (Troll Monk)                     Turns: 1914, Time: 00:04:17

Health: -2/53      AC:  5    Str: 20    XL:     5   Next: 50%
Magic:  4/4        EV: 10    Int:  6    God:
Gold:   183        SH:  0    Dex: 12    Spells: 0 memorised, 4 levels left

rFire  . . .     SeeInvis .       - Unarmed
rCold  . . .     Gourm    +     a - +0 robe
rNeg   . . .     Faith    .     (no shield)
rPois  .         Spirit   .     (helmet restricted)
rElec  .         Reflect  .     (no cloak)
rCorr  .         Harm     .     (gloves unavailable)
MR     .....                    (boots unavailable)
Stlth  +.........               (no amulet)
                                (no ring)
                                (no ring)

@: slowed, drained, very slow
A: unfitting armour, claws 3, fast metabolism 3, gourmand, regeneration 1,
shaggy fur 1, tough skin 2
a: no special abilities


You were on level 4 of the Dungeon.
You were completely stuffed.

You visited 1 branch of the dungeon, and saw 4 of its levels.

You collected 183 gold pieces.

Inventory:

Armour
 a - a +0 robe (worn)
Wands
 g - a wand of disintegration (9/24)
 k - a wand of teleportation (3/9)
 n - a wand of acid (4/15)
Scrolls
 e - 6 scrolls of identify
 f - 2 scrolls of teleportation {unknown}
 h - a scroll of enchant weapon {unknown}
 m - a scroll of remove curse
 o - a scroll of blinking {unknown}
 q - a scroll of amnesia {unknown}
 r - a scroll of magic mapping
Potions
 d - 2 potions of cancellation {unknown}
 j - a potion of lignification {unknown}
 l - a potion of flight {unknown}
 p - a potion of heal wounds {unknown}
 s - a potion of curing {unknown}
Comestibles
 b - 3 bread rations
 c - 2 chunks of flesh
 i - 23 fruits
 t - a beef jerky


   Skills:
 + Level 3.3(2.6) Fighting
 + Level 3.5(2.8) Dodging
 - Level 1.1(0.4) Stealth
 + Level 4.4(3.6) Unarmed Combat


You had 4 spell levels left.
You didn't know any spells.

Dungeon Overview and Level Annotations

Branches:
Dungeon (4/15)
 Temple: D:4-7

Altars:
Dithmenos
Ru
Sif Muna


Innate Abilities, Weirdness & Mutations

You are too large for most types of armour.
You have claws for hands.
Your metabolism is lightning-fast.
You like to eat raw meat.
Your natural rate of healing is unusually fast.
You are covered in fur. (AC +1)
You have very tough skin. (AC +2)


Message History

You feel drained.
The orc wizard hits you but does no damage.
You hear some strange, mumbled words.
A puff of frost appears from out of thin air!
The puff of frost hits you! The orc wizard barely misses you.
The orc wizard mumbles some strange words.
The orc wizard blinks!
You hear some strange, mumbled words.
A magic dart appears from out of thin air!
The magic dart hits you!
The orc wizard gestures at you while chanting.
The puff of flame hits you!
* * * LOW HITPOINT WARNING * * *
You hear some strange, mumbled words.
A puff of frost appears from out of thin air!
The puff of frost hits you!
* * * LOW HITPOINT WARNING * * *
The orc wizard hits you with a dagger of draining.
You die...

##. ....#.##.#.#
...###.(#.# .#.###
...#.#....# ....# #
.###.###..####.#.# ##.
#..:..#.......#.#####
....###.###.............##
#....'.#...####..#.#.<...
#.?..###.....##..#.......
#.oo.@.##.............
##..o..##..#........##
#####...........####
####..##.#..# ..........#
##.##..##.# #. #...... ...
..#


You could see 3 orc wizards.

Vanquished Creatures
  A scorpion (D:4)
  An orc wizard (D:3)
  Ijyb (D:2)
  An adder (D:3)
  An ooze (D:3)
  2 worms
  2 dart slugs
  A leopard gecko (D:1)
  6 orcs (D:3)
  5 giant cockroaches
  3 goblins
  12 hobgoblins
  4 jackals (D:3)
  A quokka (D:2)
  7 bats
  3 frilled lizards
  5 kobolds (D:1)
  8 rats
64 creatures vanquished.

Notes
Turn   | Place    | Note
-------+----------+-------------------------------------------
     0 | D:1      | galech the Troll Monk began the quest for the Orb.
     0 | D:1      | Reached XP level 1. HP: 22/22 MP: 0/0
    98 | D:1      | Reached XP level 2. HP: 24/29 MP: 1/1
   299 | D:1      | Reached XP level 3. HP: 36/36 MP: 2/2
   626 | D:2      | Noticed Ijyb
   632 | D:2      | Killed Ijyb
   763 | D:2      | Reached XP level 4. HP: 44/44 MP: 3/3
   798 | D:2      | Found a shadowy altar of Dithmenos.
   798 | D:2      | Found a deep blue altar of Sif Muna.
   804 | D:2      | Found a faded altar of an unknown god.
   806 | D:2      | Found a faded altar of an unknown god.
   807 | D:2      | Found a sacrificial altar of Ru.
  1396 | D:3      | Reached skill level 4 in Unarmed Combat
  1419 | D:3      | Reached XP level 5. HP: 39/53 MP: 4/4
  1914 | D:4      | Slain by an orc wizard

Skill      XL: |  1  2  3  4 |
---------------+-------------+-----
Dodging        | 3 |  3.5
Fighting       | 3 |  3.3
Unarmed Combat | 4 |  4.4
Stealth        | |  1.1

Action                   |  1- 3 |  4- 6 || total
-------------------------+-------+-------++-------
Melee: Unarmed           |    76 |   102 ||   178
       Punch             |     1 |     1 ||     2
  Use: Scroll            |       |     2 ||     2
 Stab: Sleeping          |     2 |     4 ||     6
  Eat: Chunk             |    12 |    11 ||    23
Armor: Robe              |    33 |    37 ||    70
Dodge: Dodged            |    43 |    58 ||   101
